 Dungeon Crawl Stone Soup version 0.16-a0-259-g9aa467b (webtiles) character file.

233 MRaven the Skirmisher (level 5, 0/43 HPs)
             Began as a Demonspawn Chaos Knight on Aug 23, 2014.
             Was a Plaything of Xom.
             Slain by a gnoll shaman
             ... wielding a +0 club
              (4 damage)
             ... on Level 4 of the Dungeon on Aug 24, 2014.
             The game lasted 00:18:19 (4113 turns).

MRaven the Skirmisher (Demonspawn Chaos Knight)     Turns: 4113, Time: 00:18:19

HP   0/43        AC  6     Str 14      XL: 5   Next: 74%
MP   5/5         EV 11     Int 10 (13) God: Xom
Gold 140         SH  0     Dex 12      Spells:  0 memorised,  4 levels left

rFire  . . .     SeeInvis .     i - +4 great sword
rCold  . . .     Clarity  .     b - +2 leather armour
rNeg   . . .     rCorr    .     (no shield)
rPois  .         rRot     .     (helmet restricted)
rElec  .         Spirit   .     (no cloak)
SustAb .         Warding  .     (no gloves)
rMut   .         Stasis   .     (no boots)
Gourm  .                        (no amulet)
MR     .....                    (no ring)
                                h - ring of flight

@: not resistant to hostile enchantments, very unstealthy
A: claws 1, horns 2, blink 1, shaggy fur 1, spiny 1
a: Blink, Renounce Religion, Evoke Flight


You were on level 4 of the Dungeon.
You worshipped Xom.
You were a beloved toy of Xom.
You were not hungry.

You visited 1 branch of the dungeon, and saw 4 of its levels.

You collected 140 gold pieces.

Inventory:

Hand weapons
 i - a +4 great sword (weapon)
Armour
 b - a +2 leather armour (worn)
 k - a +0 crystal plate armour
Comestibles
 c - 2 bread rations
 g - 3 chunks of gnoll flesh
 l - a chunk of gnoll flesh
Scrolls
 d - a scroll of fog
 e - 2 scrolls of remove curse
Jewellery
 h - a ring of flight (left claw)
Potions
 m - 2 potions of resistance
 o - a potion of flight


   Skills:
 + Level 4.7 Fighting
 - Level 2.6 Long Blades
 - Level 1.7 Armour
 + Level 2.3 Dodging
 * Level 3.0 Unarmed Combat


You had 4 spell levels left.
You didn't know any spells.

Dungeon Overview and Level Annotations

Branches:
Dungeon (4/15)
 Temple: D:4-7

Altars:
Ashenzari
Qazlal
Trog

Annotations:
D:4 Afay's ghost, average OpTm


Innate Abilities, Weirdness & Mutations

You have sharp fingernails.
You have a pair of horns on your head.
You are partially covered in sharp spines.
You can translocate small distances at will.
You are covered in fur (AC +1).


Message History

You hear Xom's avuncular chuckle.
The gnoll seems to speed up.
You are now a beloved toy of Xom.
The gnoll shaman hits you with a club! The gnoll hits you but does no damage.
You hit the gnoll shaman.
The gnoll shaman is heavily wounded.
The gnoll misses you. The gnoll shaman hits you with a club.
* * * LOW HITPOINT WARNING * * *
The gnoll barely misses you.
You slash the gnoll shaman!
The gnoll shaman is almost dead.
The gnoll shaman barely misses you. The gnoll barely misses you.
The gnoll shaman hits you with a club.
* * * LOW HITPOINT WARNING * * *
You closely miss the gnoll shaman. You headbutt the gnoll shaman.
The gnoll shaman is almost dead.
The gnoll hits you from afar with a halberd.
* * * LOW HITPOINT WARNING * * *
The gnoll barely misses you. The gnoll shaman hits you with a club.
You die...

....##### #.... ......#
##### ∆ ......# #......#
.....# ∆... #
#.######.###
###'######.####
#@......##.####
.......g)......##.####
.....g#.......##.###
.###.###########.####
........########.#####
.........########.######
#........########.#######
#........########.#######
#........########.#######


You could see a gnoll shaman and a gnoll.

Vanquished Creatures
  A worker ant (D:4)
  3 adders
  A giant mite (D:2)
  9 gnolls (D:4)
  A worm (D:2)
  An adder skeleton (D:3)
  2 giant geckos
  2 oozes
  3 orcs (D:3)
  6 bats
  9 giant cockroaches
  8 hobgoblins
  6 jackals
  6 kobolds
  A quokka (D:2)
  3 giant newts
  10 goblins
  3 rats
75 creatures vanquished.

Notes
Turn   | Place    | Note
--------------------------------------------------------------
     0 | D:1      | MRaven, the Demonspawn Chaos Knight, began the quest for the Orb.
     0 | D:1      | Reached XP level 1. HP: 18/18 MP: 1/1
   129 | D:1      | Gained mutation: You have sharp fingernails. [demonic ancestry]
   129 | D:1      | Reached XP level 2. HP: 24/24 MP: 2/2
   147 | D:1      | Reached skill level 1 in Dodging
   199 | D:1      | XOM: divination: detect items
   239 | D:1      | XOM: divination: detect items
   340 | D:1      | XOM: divination: detect items
   351 | D:1      | XOM: harmless Necr miscast
   498 | D:1      | Reached skill level 1 in Unarmed Combat
   599 | D:1      | XOM: give mutation
   599 | D:1      | Gained mutation: You can translocate small distances at will. [Xom's grace]
   903 | D:1      | Gained mutation: You are partially covered in sharp spines. [demonic ancestry]
   903 | D:1      | Reached XP level 3. HP: 28/30 MP: 3/3
   993 | D:1      | XOM: god gift: tourmaline ring {god gift}
   996 | D:1      | Upgraded the game from 0.16-a0-253-g996e5b4 to 0.16-a0-259-g9aa467b
  1328 | D:2      | XOM: divination: detect creatures
  1531 | D:2      | XOM: vitrification
  1609 | D:1      | XOM: god gift: scroll labeled MIUNAF AGOPE
  1818 | D:2      | Found a stormy altar of Qazlal.
  1819 | D:2      | Found a bloodstained altar of Trog.
  1819 | D:2      | Found a shattered altar of Ashenzari.
  1866 | D:2      | XOM: 5-stop teleportation journey
  1896 | D:2      | Reached skill level 4 in Fighting
  1896 | D:2      | Gained mutation: You have a pair of small horns on your head. [demonic ancestry]
  1896 | D:2      | Reached XP level 4. HP: 30/37 MP: 4/4
  2049 | D:2      | XOM: potion effect (might)
  2165 | D:2      | XOM: give mutation
  2165 | D:2      | Gained mutation: You are covered in fur (AC +1). [Xom's grace]
  2984 | D:3      | XOM: 2-stop teleportation journey
  3256 | D:4      | Noticed Afay's ghost (average OpTm)
  3409 | D:4      | Gained mutation: You have a pair of horns on your head. [demonic ancestry]
  3409 | D:4      | Reached XP level 5. HP: 33/43 MP: 5/5
  3468 | D:4      | XOM: enchant monster (good)
  3958 | D:4      | XOM: vitrification
  3972 | D:4      | XOM: divination: detect items
  4001 | D:4      | XOM: 2-stop teleportation journey
  4110 | D:4      | XOM: enchant monster (bad)
  4113 | D:4      | Slain by a gnoll shaman

Action                   |  1- 3 |  4- 6 || total
-------------------------+-------+-------++-------
Melee: Falchion          |   109 |    11 ||   120
       Great sword       |       |    79 ||    79
  Use: Scroll            |     4 |     4 ||     8
       Potion            |       |     3 ||     3
  Eat: Chunk             |     3 |     7 ||    10
